AoeStats
← portuastur

Black Forest

510749096Analyzed
3v3 RM · 12h ago on Oct 2, 2026· 55m 18s· 6 players
Game mode
Random Map
Map size
Normal (6 player)
Population
200
Speed
Normal
Resources
Standard
Victory
Conquest
Starting age
Dark Age
Ending age
Imperial Age
RankedLock teamsTeams togetherTeam positionsShared explorationLock speedFull tech treeHidden civsTurbo modeCheats
Victory
Defeat
🇮🇹 Mongols · Italy
702
+6
🇮🇹 Vikings · Italy
702
+6
🇮🇹 Huns · Italy
632
+8
🇧🇷 Romans · Brazil
527
-10
🇨🇳 Chinese · China
413
-6
🇪🇸 Bohemians · Spain
353
-4
portuastur
0:44 Loom
15:13 Feudal Age
15:48 Horse Collar
15:59 Double-Bit Axe
18:02 Wheelbarrow
19:19 Fishing Lines
25:31 Castle Age
27:01 Pikeman
27:42 Squires
27:27 Arson
28:13 Sanctity
28:04 Fervor
28:04 Gillnets
28:20 Caravan
28:40 Bow Saw
30:30 Chemistry
29:51 Ballistics
29:28 Murder Holes
30:29 Crossbowman
31:07 Guard Tower
31:35 Heavy Plow
33:31 Fortified Wall
35:59 Imperial Age
35:15 Hand Cart
35:51 Wagenburg Tactics
37:27 Hussite Reforms
37:43 Conscription
41:17 Two-Man Saw
40:42 Halberdier
42:17 Arrowslits
44:09 Elite Hussite Wagon
44:19 Arbalester
45:11 Padded Archer Armor
45:01 Fletching
45:22 Forging
45:13 Scale Mail Armor
45:47 Houfnice
47:48 Leather Archer Armor
47:47 Bodkin Arrow
48:37 Devotion
49:07 Illumination
49:53 Iron Casting
49:36 Chain Mail Armor
FolaPR
2:11 Loom
13:16 Feudal Age
14:25 Feudal Age
23:34 Castle Age
21:50 Double-Bit Axe
21:49 Horse Collar
24:02 Gold Mining
24:03 Stone Mining
24:27 Forging
24:17 Scale Mail Armor
24:22 Scale Barding Armor
24:09 Fletching
24:20 Padded Archer Armor
28:43 Bodkin Arrow
30:19 Bow Saw
30:14 Heavy Plow
31:09 Iron Casting
31:00 Chain Barding Armor
30:58 Leather Archer Armor
31:33 Crossbowman
31:34 Elite Skirmisher
31:48 Man-at-Arms
32:31 Squires
33:30 Murder Holes
36:28 Husbandry
36:39 Bloodlines
35:50 Light Cavalry
38:20 Ballistas
47:19 Imperial Age
默认
1:37 Loom
17:52 Feudal Age
18:19 Horse Collar
19:03 Double-Bit Axe
21:17 Wheelbarrow
26:56 Castle Age
25:33 Scale Barding Armor
25:33 Padded Archer Armor
25:23 Fletching
25:33 Gold Mining
25:34 Stone Mining
28:24 Hand Cart
28:21 Heavy Plow
29:28 Bow Saw
38:09 Imperial Age
36:20 Husbandry
37:57 Gold Shaft Mining
37:57 Stone Shaft Mining
41:30 Caravan
41:00 Cavalier
42:04 Chain Barding Armor
49:01 Plate Barding Armor
51:15 Leather Archer Armor
50:56 Bodkin Arrow
54:58 Ring Archer Armor
Pullinski99
0:54 Loom
12:48 Feudal Age
14:57 Double-Bit Axe
18:03 Horse Collar
18:18 Stone Mining
18:21 Gold Mining
22:11 Fishing Lines
27:01 Castle Age
25:55 Forging
25:45 Scale Mail Armor
27:46 Caravan
28:29 Gillnets
29:07 Bow Saw
30:04 Heavy Plow
31:46 Treadmill Crane
32:03 Murder Holes
32:57 Gold Shaft Mining
34:19 Chain Mail Armor
34:40 Iron Casting
34:40 Fortified Wall
34:52 Ballistics
39:44 Imperial Age
37:03 Town Watch
38:23 Town Patrol
38:22 Arson
38:41 Squires
41:00 Plate Mail Armor
41:31 Blast Furnace
41:09 Crop Rotation
41:42 Two-Man Saw
41:33 Elite Berserk
43:17 Heated Shot
43:16 Arrowslits
43:43 Masonry
44:13 Chieftains
48:31 Conscription
48:20 Heavy Scorpion
51:47 Architecture
52:19 Chemistry
aemilius_blackblock
0:44 Loom
12:02 Feudal Age
13:30 Wheelbarrow
13:25 Horse Collar
13:34 Double-Bit Axe
23:32 Castle Age
21:53 Scale Barding Armor
21:37 Fishing Lines
24:09 Padded Archer Armor
24:20 Forging
24:40 Heavy Plow
24:55 Bow Saw
26:07 Hand Cart
29:33 Caravan
30:47 Gold Mining
30:48 Stone Mining
31:26 Chain Barding Armor
31:24 Leather Archer Armor
31:00 Fletching
31:21 Forging
34:00 Gold Shaft Mining
33:20 Gillnets
39:18 Imperial Age
37:41 Bodkin Arrow
38:25 Iron Casting
38:05 Marauders
38:37 Husbandry
40:06 Bracer
40:43 Plate Barding Armor
41:09 Blast Furnace
41:30 Two-Man Saw
41:45 Guilds
42:13 Elite Tarkan
43:29 Conscription
44:33 Parthian Tactics
43:29 Heavy Cavalry Archer
45:44 Thumb Ring
45:51 Crossbowman
Bud
1:57 Loom
15:01 Feudal Age
15:35 Double-Bit Axe
15:56 Fishing Lines
18:47 Stone Mining
18:41 Horse Collar
22:09 Castle Age
21:11 Wheelbarrow
20:53 Gold Mining
23:14 Caravan
23:55 Bow Saw
28:26 Hand Cart
29:03 Fletching
29:13 Padded Archer Armor
29:23 Gillnets
30:48 Gold Shaft Mining
31:52 Heavy Plow
34:49 Imperial Age
32:30 Bodkin Arrow
32:44 Scale Barding Armor
32:51 Forging
34:24 Ballistics
35:27 Thumb Ring
35:57 Parthian Tactics
34:53 Heavy Cavalry Archer
37:44 Chemistry
37:05 Bracer
37:22 Leather Archer Armor
37:47 Squires
37:33 Arson
37:11 Pikeman
38:48 Conscription
40:28 Chain Barding Armor
40:44 Iron Casting
41:12 Siege Engineers
42:10 Bloodlines
42:01 Husbandry
43:42 Elite Steppe Lancer
45:54 Drill
48:58 Blast Furnace
51:06 Elite Mangudai
52:35 Heavy Scorpion
53:19 Heavy Camel Rider
Connection lost

Rejoining the realm…

Still unreachable

The connection could not be restored.

Session expired

The server has moved on; the page needs a fresh start.